 Dungeon Crawl Stone Soup version 0.27-a0-291-gd9602db6ee (webtiles) character file.

Game seed: 16858690336916951512

497 KristoblXynda the Slasher (level 6, -1/48 HPs)
             Began as a Demonspawn Gladiator on Feb 9, 2021.
             Killed from afar by an orc wizard (8 damage)
             ... with a puff of flame
             ... on level 4 of the Dungeon.
             The game lasted 00:06:38 (3949 turns).

KristoblXynda the Slasher (Demonspawn Gladiator)    Turns: 3949, Time: 00:06:38

Health: -1/48      AC:  6    Str: 17    XL:     6   Next: 93%
Magic:  6/6        EV: 12    Int:  9    God:
Gold:   177        SH:  5    Dex: 14    Spells: 5/5 levels left

rFire    . . .     SeeInvis .   a - +0 long sword
rCold    . . .     Faith    .   (no shield)
rNeg     . . .     Spirit   .   l - +0 ring mail
rPois    .         Reflect  +   (helmet restricted)
rElec    .         Harm     .   (no cloak)
rCorr    .         Rampage  .   p - +0 pair of gloves
Will     .....                  (no boots)
Stlth    +.........             i - amulet of reflection
HPRegen  0.16/turn              (no ring)
MPRegen  0.10/turn              (no ring)

@: no status effects
A: horns 2, powered by pain 2
a: no special abilities


You were on level 4 of the Dungeon.
You visited 1 branch of the dungeon, and saw 4 of its levels.

You collected 177 gold pieces.

Inventory:

Hand Weapons
 a - a +0 long sword (weapon)
Missiles
 d - 3 throwing nets (quivered)
Armour
 l - a +0 ring mail (worn)
 n - a +0 buckler
 p - a +0 pair of gloves (worn)
Jewellery
 b - an uncursed amulet of regeneration
 i - an amulet of reflection (around neck)
Wands
 t - a wand of polymorph (10)
 w - a wand of digging (2)
Scrolls
 c - a scroll of identify {unknown}
 e - 2 scrolls of magic mapping
 f - 2 scrolls of teleportation
 j - 2 scrolls of remove curse
 k - a scroll of blinking {unknown}
 m - a scroll of amnesia {unknown}
 o - a scroll of random uselessness {unknown}
 q - a scroll of fear
 r - a scroll of immolation {unknown}
 s - a scroll of fog {unknown}
Potions
 g - 2 potions of curing
 h - a potion of heal wounds {unknown}
 u - a potion of degeneration {unknown}
 v - a potion of mutation {unknown}


   Skills:
 + Level 4.1 Fighting
 + Level 4.2 Long Blades
 - Level 2.0 Throwing
 + Level 2.8 Armour
 + Level 4.2 Dodging


You had 5 spell levels left.
You didn't know any spells.
Your spell library was empty.

Dungeon Overview and Level Annotations

Branches:
Dungeon (4/15)
 Temple: D:4-7

Altars:
Makhleb
Qazlal
Vehumet
Xom

Shops:
D:4 (


Innate Abilities, Weirdness & Mutations

You have a pair of horns on your head.
You sometimes gain power by taking damage.


Message History

Unknown command.
You closely miss the orc priest.
The orc priest is heavily wounded.
The hound bites you. Something hits you but does no damage.
The hound barely misses you.
The orc priest miscasts a cantrip.
The orc wizard hits you with a +0 war axe.
Unknown command.
You hit the orc priest but do no damage.
You headbutt the orc priest.
The orc priest is almost dead.
The hound bites you.
* * * LOW HITPOINT WARNING * * *
Something hits you but does no damage. The hound bites you.
* * * LOW HITPOINT WARNING * * *
The orc priest hits you with a cursed -1 club.
* * * LOW HITPOINT WARNING * * *
The orc wizard points at you and mumbles some strange words.
The puff of flame hits you!
You die...

###.........#......####.....##
.....#..#.........## #######
....................#
....#.............#....
.................######
.................#
.......#...<.....#
......##........o###
##..............@oo#
..........##.#..[h!.#
###..####.#..###......# #...##
#..).# #.##.....
....#####.##............
.........###............
......... ..!....## )..
.......... .#....... ##.
............ .##.###


You could see a hound, an orc priest and 2 orc wizards.

Vanquished Creatures
  Grinder (D:3)
  Natasha (thrice) (D:4)
  2 worker ants (D:4)
  4 gnolls (D:3)
  5 adders
  3 oozes
  An adder skeleton (D:4)
  A worm (D:3)
  2 dart slugs (D:1)
  3 leopard geckos
  5 orcs
  3 giant cockroaches
  6 goblins
  10 hobgoblins
  5 jackals
  9 kobolds
  A quokka (D:2)
  3 bats
  4 frilled lizards
  A quokka skeleton (D:4)
  12 rats
84 creatures vanquished.

Vanquished Creatures (others)
  A kobold (D:2)
1 creature vanquished.

Grand Total: 85 creatures vanquished

Notes
Turn   | Place    | Note
-------+----------+-------------------------------------------
     0 | D:1      | KristoblXynda the Demonspawn Gladiator began the quest for
                  | the Orb.
     0 | D:1      | Reached XP level 1. HP: 16/16 MP: 1/1
   239 | D:1      | Gained mutation: You have a pair of small horns on your
                  | head. [demonic ancestry]
   239 | D:1      | Reached XP level 2. HP: 13/22 MP: 2/2
  1171 | D:1      | Gained mutation: You have a pair of horns on your head.
                  | [demonic ancestry]
  1171 | D:1      | Reached XP level 3. HP: 17/28 MP: 3/3
  1761 | D:2      | Found a shimmering altar of Xom.
  1942 | D:2      | Reached skill level 1 in Armour
  2142 | D:2      | Found a burning altar of Makhleb.
  2256 | D:2      | Found a radiant altar of Vehumet.
  2267 | D:2      | Gained mutation: You sometimes gain a little power by
                  | taking damage. [demonic ancestry]
  2267 | D:2      | Reached XP level 4. HP: 29/34 MP: 4/4
  2788 | D:3      | Found a stormy altar of Qazlal.
  2822 | D:3      | Noticed Grinder
  2822 | D:3      | Paralysed by Grinder for 3 turns
  3097 | D:3      | Reached XP level 5. HP: 30/41 MP: 5/5
  3390 | D:3      | Paralysed by Grinder for 2 turns
  3397 | D:3      | Paralysed by Grinder for 4 turns
  3404 | D:3      | Killed Grinder
  3405 | D:3      | Gained mutation: You sometimes gain power by taking damage.
                  | [demonic ancestry]
  3405 | D:3      | Reached XP level 6. HP: 19/48 MP: 6/6
  3659 | D:4      | Found Unailik's Antique Weapon Shop.
  3682 | D:4      | Noticed Natasha
  3696 | D:4      | Killed Natasha
  3817 | D:4      | Noticed Natasha
  3820 | D:4      | Killed Natasha
  3928 | D:4      | Noticed Natasha
  3935 | D:4      | Killed Natasha
  3949 | D:4      | Killed from afar by an orc wizard

Illustrated notes

Levels and vault maps discovered:
D:1:      mushboom_english_gardens, layout_basic
D:2:      layout_basic, fiery_altar_vehumet, bloody_makhleb, marbit_many_paths,
          kennysheep_cross_bottleneck
D:3:      layout_basic, grunt_qazlal_clouds, uniq_grinder
D:4:      layout_rooms, serial_shops, shop, hangedman_feature_mirror,
          uniq_natasha

Skill      XL: |  1  2  3  4  5  6 |
---------------+-------------------+-----
Throwing       | 2 |  2.0
Long Blades    | 3 4 |  4.2
Dodging        | 3 4 |  4.2
Armour         | 1 2 |  2.8
Fighting       | 3 4 |  4.1

Action                   |  1- 3 |  4- 6 || total
-------------------------+-------+-------++-------
Melee: Long sword        |   104 |   126 ||   230
       Headbutt          |    13 |    25 ||    38
  Use: Scroll            |       |     4 ||     4
       Potion            |       |     3 ||     3
 Stab: Sleeping          |     1 |       ||     1
Armor: Leather armour    |    12 |       ||    12
       Ring mail         |    10 |    27 ||    37
Dodge: Dodged            |    63 |    89 ||   152
Block: Other             |    10 |    22 ||    32
       Rpst.: Long sword |    10 |    26 ||    36

Table legend: (Time is in decaauts)
 A = Elapsed time spent in this place.
 B = Non-inter-level travel time spent in this place.
 C = Inter-level travel time spent in this place.
 D = Time resting spent in this place.
 E = Time spent auto-exploring this place.
 F = Levels seen in this place.
 G = Mean time per level.
                   A        B        C        D        E       F      G
               +--------+--------+--------+--------+--------+-----+--------+
         Total |   4002 |   3934 |     68 |    497 |   2779 |   4 | 1000.5 |
       Dungeon |   4002 |   3934 |     68 |    497 |   2779 |   4 | 1000.5 |
               +--------+--------+--------+--------+--------+-----+--------+

Top non-repeatable levels by time:
     D:1: 1587 daAuts
     D:3: 1138 daAuts
     D:2: 928 daAuts
     D:4: 348 daAuts
